 Dungeon Crawl Stone Soup version 0.17.1-3-g152610e (webtiles) character file.

226 Dalarin the Sneak (level 5, -7/24 HPs)
             Began as a Spriggan Enchanter on Feb 22, 2016.
             Mangled by a gnoll
             ... wielding a +0 flail
              (8 damage)
             ... on level 2 of the Dungeon.
             The game lasted 00:09:34 (1942 turns).

Dalarin the Sneak (Spriggan Enchanter)              Turns: 1942, Time: 00:09:34

Health: -7/24      AC:  5    Str:  5    XL:     5   Next: 69%
Magic:  12/12      EV: 19    Int: 17    God:
Gold:   51         SH:  0    Dex: 16    Spells: 3 memorised, 6 levels left

rFire  . . .     SeeInvis +     a - +1 dagger
rCold  . . .     Clarity  .     b - +1 robe
rNeg   . . .     SustAt   .     (shield restricted)
rPois  .         Gourm    .     (helmet restricted)
rElec  .         Spirit   .     (no cloak)
rCorr  .         Warding  .     (gloves unavailable)
rMut   .         Stasis   .     (boots unavailable)
MR     .....                    (no amulet)
Stlth  ++++......               (no ring)
                                i - +2 ring of protection

@: lethally poisoned (-7 -> -8), very quick, not resistant to hostile
enchantments, stealthy
A: unfitting armour, see invisible, herbivore 3, speed 3, slow metabolism 2
a: no special abilities


You were on level 2 of the Dungeon.
You were not hungry.

You visited 1 branch of the dungeon, and saw 3 of its levels.

You collected 51 gold pieces.

Inventory:

Hand Weapons
 a - a +1 dagger (weapon)
Armour
 b - a +1 robe (worn)
Jewellery
 i - a +2 ring of protection (left hand)
Scrolls
 g - a scroll of amnesia {unknown}
 h - 2 scrolls of remove curse {unknown}
Books
 c - a book of Maledictions

   Spells                             Type                      Level
   a - Corona                         Hexes                        1
   b - Ensorcelled Hibernation        Hexes/Ice                    2
   c - Confuse                        Hexes                        3
   d - Tukima's Dance                 Hexes                        3
   e - Dazzling Spray                 Conjuration/Hexes            3
Comestibles
 d - a bread ration


   Skills:
 + Level 2.6 Short Blades
 + Level 4.3 Dodging
 + Level 6.2 Stealth
 + Level 4.2 Spellcasting
 + Level 4.7 Hexes


You had 6 spell levels left.
You knew the following spells:

 Your Spells              Type           Power        Failure   Level  Hunger
a - Corona                Hex            ###....      2%          1    None
b - Ensorcelled Hibernat  Hex/Ice        ##....       12%         2    ##.....
c - Confuse               Hex            ###.....     10%         3    ###....


Dungeon Overview and Level Annotations

Branches:
Dungeon (3/15)

Altars:


Innate Abilities, Weirdness & Mutations

You are tiny and cannot use many weapons and most armour.
You have supernaturally acute eyesight.
You are a herbivore.
You cover ground extremely quickly.
You need consume almost no food.


Message History

You barely miss the gnoll. The gnoll closely misses you.
You hit the gnoll.
The gnoll is moderately wounded.
* * * LOW HITPOINT WARNING * * *
You feel sick. The gnoll completely misses you.
You hit the gnoll.
The gnoll is heavily wounded.
You hit the gnoll.
The gnoll is severely wounded.
The gnoll barely misses you.
You completely miss the gnoll.
The gnoll is severely wounded.
The gnoll barely misses you.
You hit the gnoll.
The gnoll is almost dead.
You hit the gnoll.
The gnoll is almost dead.
* * * LOW HITPOINT WARNING * * *
You feel sick. The gnoll hits you with a flail!
You die...

......###.## #....).....#
........#..######.#######
..............# #.#
..............# #.#
.........g....###.######
....).####g##..........#
......# #..#..........#
......# ##.#..g.......#
.....## #.#...@......#
.....# #.#..........#
.....# #............#
..#### ##...........# ..#
#...........# ###
#.####.###### #.g# #.#
##)# #.# ###†###.#


You could see a gnoll.

Vanquished Creatures
  Sigmund (D:2)
  A gnoll (D:3)
  An adder (D:2)
  2 oozes
  2 worms (D:2)
  3 giant cockroaches
  8 goblins
  4 hobgoblins
  2 kobolds
  A ball python (D:1)
  2 bats (D:1)
  A giant newt (D:1)
  4 jackals (D:1)
  7 rats
39 creatures vanquished.

Notes
Turn   | Place    | Note
--------------------------------------------------------------
     0 | D:1      | Dalarin the Spriggan Enchanter began the quest for the Orb.
     0 | D:1      | Reached XP level 1. HP: 9/9 MP: 5/5
   318 | D:1      | Reached XP level 2. HP: 8/13 MP: 6/6
   702 | D:1      | Reached skill level 5 in Stealth
   914 | D:2      | Reached XP level 3. HP: 16/16 MP: 8/8
   959 | D:2      | Noticed Sigmund
  1197 | D:2      | Learned a level 2 spell: Ensorcelled Hibernation
  1201 | D:2      | Learned a level 3 spell: Confuse
  1491 | D:2      | Killed Sigmund
  1491 | D:2      | Reached skill level 6 in Stealth
  1491 | D:2      | Reached XP level 4. HP: 11/21 MP: 7/11
  1491 | D:2      | Reached XP level 5. HP: 12/24 MP: 7/12
  1791 | D:3      | Noticed an ogre
  1807 | D:3      | HP: 1/24 [gnoll/club (4)]
  1942 | D:2      | HP: 1/24 [poisoned by an adder]
  1942 | D:2      | Mangled by a gnoll

Action                   |  1- 3 |  4- 6 || total
-------------------------+-------+-------++-------
Melee: Dagger            |   122 |    66 ||   188
 Cast: Corona            |     4 |     6 ||    10
       Ensorcelled Hiber |     3 |     3 ||     6
       Confuse           |       |     2 ||     2
  Use: Scroll            |     2 |       ||     2
       Potion            |       |     2 ||     2
 Stab: Sleeping          |     7 |       ||     7
